 Dungeon Crawl Stone Soup version 0.24-a0-715-g0b739ee41d (webtiles) character file.

Game seed: 10628086052985195087, levelgen mode: deterministic

912 Gynju the Magician (level 7, 0/36 HPs)
             Began as a Deep Elf Fire Elementalist on Sept 30, 2019.
             Shot with an arrow by a centaur (7 damage)
             ... on level 6 of the Dungeon.
             The game lasted 00:14:51 (6839 turns).

Gynju the Magician (Deep Elf Fire Elementalist)     Turns: 6839, Time: 00:14:52

Health: 0/36       AC: 11    Str:  5    XL:     7   Next: 82%
Magic:  13/18      EV: 15    Int: 22    God:
Gold:   259        SH:  0    Dex: 15    Spells: 11/19 levels left

rFire    . . .     SeeInvis .   A - staff of air
rCold    . . .     Gourm    +   (no shield)
rNeg     + . .     Faith    .   w - +2 robe {MR+}
rPois    +         Spirit   .   (no helmet)
rElec    +         Reflect  .   f - +2 cloak {rPois}
rCorr    .         Harm     .   i - +1 pair of gloves
MR       +....                  (no boots)
Stlth    ++........             l - amulet of the gourmand
HPRegen  0.12/turn              t - +2 ring of protection
MPRegen  0.16/turn              y - ring of positive energy

@: no status effects
A: no striking features
a: no special abilities


You were on level 6 of the Dungeon.
You were completely stuffed.

You visited 2 branches of the dungeon, and saw 7 of its levels.

You collected 259 gold pieces.

Inventory:

Armour
 f - a +2 cloak of poison resistance (worn)
 i - a +1 pair of gloves (worn)
 w - a +2 robe of magic resistance (worn)
Magical Staves
 p - an uncursed staff of power {unknown}
 A - an uncursed staff of air (weapon)
Jewellery
 l - an amulet of the gourmand (around neck)
 m - an uncursed ring of resist corrosion
 t - a +2 ring of protection (left hand)
 y - a ring of positive energy (right hand)
 z - a +4 ring of dexterity {unknown}
Wands
 v - a wand of digging (5)
 x - a wand of acid (7)
Scrolls
 b - 4 scrolls of teleportation
 d - 3 scrolls of immolation
 h - 4 scrolls of remove curse {@r2}
Potions
 a - 2 potions of invisibility
 e - a potion of flight {unknown}
 g - 4 potions of heal wounds
 j - a potion of brilliance
 k - 2 potions of lignification
 n - a potion of cancellation
 o - a potion of mutation {unknown}
 q - a potion of haste {unknown}
 r - 2 potions of might {unknown}
 s - a potion of agility {unknown}
 u - a potion of ambrosia {unknown}
Comestibles
 c - 14 rations


   Skills:
 + Level 5.8 Dodging
 - Level 2.4 Stealth
 + Level 6.5 Spellcasting
 + Level 4.9 Conjurations
 + Level 5.9 Fire Magic


You had 11 spell levels left.
You knew the following spells:

 Your Spells              Type           Power        Failure   Level  Hunger
a - Flame Tongue          Conj/Fire      ####.        1%          1    None
b - Throw Flame           Conj/Fire      ####..       1%          2    None
c - Conjure Flame         Conj/Fire      ####....     2%          3    #......
d - Blink                 Tloc           N/A          13%         2    None

Your spell library contained the following spells:

 Spells                   Type           Power        Failure   Level  Hunger
 Magic Dart               Conj           ####         1%          1    None
 Inner Flame              Hex/Fire       ###.....     8%          3    #......
 Sticky Flame             Conj/Fire      ####....     10%         4    ###....
 Call Imp                 Summ           #.......     13%         2    None
 Slow                     Hex            #.......     13%         2    None
 Mephitic Cloud           Conj/Pois/Air  ###.....     13%         3    #......
 Fireball                 Conj/Fire      ####......   26%         5    #####..


Dungeon Overview and Level Annotations

Branches:
Dungeon (6/15)             Temple (1/1) D:4

Altars:
Ashenzari
Cheibriados
Hepliaklqana
Makhleb
Nemelex Xobeh
Okawaru
Qazlal
Ru
Sif Muna
Uskayaw
Wu Jian
Yredelemnul
Zin
The Shining One

Shops:
D:4 *

Annotations:
D:3 Grinder
D:6 exclusion: centaur


Message History

p - a thick jewelled staff The centaur shoots an arrow.
The arrow completely misses you.
The centaur shoots an arrow.
The arrow hits you!
The centaur shoots an arrow.
The arrow misses you.
The centaur shoots an arrow.
The arrow hits you!
You see here 2 arrows.
The centaur shoots an arrow.
The arrow misses you.
You see here an arrow.
The centaur shoots an arrow.
The arrow hits you.
* * * LOW HITPOINT WARNING * * *
You see here an arrow.
Casting: Conjure Flame (safe; 2% risk of failure)
Confirm with . or Enter, or press ? or * to list all spells.
Aiming: Conjure Flame (safe; 2% risk of failure)
Press: ? - help, Dir - move target cursor The fire ignites!
Your magical contamination has completely faded away.
The centaur shoots an arrow.
The arrow misses you.
The centaur shoots an arrow.
The arrow hits you!
You die...

........#...## #.#
#########....######.#########
# #....##c.(..(.c.....# ##
###...#ยง##...######.#
.#########......##..........#
.................#...#####>.#
.#########.....#.##### #..#
## #....##.# #..# #
#####.#.###@# #..# #.......#
#.# #(.# #.###.### #.# #.(#
####.###.# #.# #...c...
#........# #.# ########
#.##.##### #.# ###.##.# #.#
.......# #.# ###.#### #.# ##


You could see a centaur.

Vanquished Creatures
  3 ogres
  Blork the orc (D:4)
  2 scorpions (D:5)
  3 hounds
  A centaur skeleton (D:4)
  A jelly (D:6)
  2 orc priests (D:5)
  3 worker ants
  A hound zombie (D:5)
  Robin (D:3)
  6 adders
  2 shadow imps
  An ooze (D:1)
  2 adder skeletons (D:4)
  2 worms (D:2)
  A dart slug (D:1)
  2 leopard geckos
  8 orcs
  4 giant cockroaches
  16 goblins
  9 hobgoblins
  3 jackals (D:3)
  3 quokkas
  2 ball pythons
  9 bats
  8 frilled lizards
  A giant cockroach zombie (D:4)
  4 kobolds
  9 rats
110 creatures vanquished.

Notes
Turn   | Place    | Note
-------+----------+-------------------------------------------
     0 | D:1      | Gynju the Deep Elf Fire Elementalist began the quest for
                  | the Orb.
     0 | D:1      | Reached XP level 1. HP: 10/10 MP: 6/6
   291 | D:1      | Reached XP level 2. HP: 15/15 MP: 6/8
   488 | D:1      | Found a snail-covered altar of Cheibriados.
  1254 | D:2      | Reached XP level 3. HP: 19/19 MP: 2/10
  1258 | D:2      | Learned a level 2 spell: Throw Flame
  1262 | D:2      | Learned a level 3 spell: Conjure Flame
  2140 | D:2      | Reached XP level 4. HP: 15/24 MP: 3/11
  2463 | D:3      | Reached skill level 4 in Spellcasting
  2924 | D:3      | Found a burning altar of Makhleb.
  3057 | D:3      | Noticed Grinder
  3427 | D:3      | Noticed Robin
  3681 | D:3      | Killed Robin
  3681 | D:3      | Reached XP level 5. HP: 28/28 MP: 9/13
  3963 | D:4      | Found a staircase to the Ecumenical Temple.
  3976 | Temple   | Entered the Ecumenical Temple
  4243 | D:4      | Found a sparkling altar of Nemelex Xobeh.
  4281 | D:4      | Noticed an ogre
  4297 | D:4      | Killed an ogre
  4297 | D:4      | Reached XP level 6. HP: 32/32 MP: 2/15
  4500 | D:4      | Reached skill level 5 in Spellcasting
  4583 | D:4      | Noticed Blork the orc
  4609 | D:4      | Killed Blork the orc
  4609 | D:4      | Reached skill level 5 in Fire Magic
  4892 | D:4      | Found a stormy altar of Qazlal.
  4910 | D:4      | Found Cosch's Elemental Accessories.
  5226 | D:5      | Entered Level 5 of the Dungeon
  5459 | D:5      | Reached skill level 5 in Dodging
  5459 | D:5      | Reached XP level 7. HP: 36/36 MP: 12/17
  5810 | D:5      | Reached skill level 6 in Spellcasting
  5934 | D:5      | Learned a level 2 spell: Blink
  6159 | D:6      | Found an ornate altar of the Wu Jian Council.
  6172 | D:6      | Found a hazy altar of Hepliaklqana.
  6839 | D:6      | Shot with an arrow by a centaur

Levels and vault maps discovered:
D:1:      dpeg_arrival_chase, layout_basic, cheibriados_altar_1
D:2:      layout_loops_cross
D:3:      kennysheep_goblin_castle, layout_basic, old_standard_altar,
          uniq_grinder
D:4:      layout_rooms, nemelex_xobeh_ov_fountains_minmay, kennysheep_mini,
          minmay_temple_entry_arrows, first_ration, nicolae_elemental_shop,
          chequers_hall_statues_corner_a, uniq_blork_the_orc
D:5:      layout_rooms
D:6:      layout_loops_ring, amethyst_overflow_temple_binary, minitemple
Temple:   jpeg_temple_island

Skill      XL: |  1  2  3  4  5  6  7 |
---------------+----------------------+-----
Dodging        | 3 4 5 |  5.8
Conjurations   | 2 3 4 |  4.9
Spellcasting   | 4 5 6 |  6.5
Fire Magic     | 4 5 |  5.9
Stealth        | |  2.4

Action                   |  1- 3 |  4- 6 |  7- 9 || total
-------------------------+-------+-------+-------++-------
Melee: Dagger            |       |     1 |       ||     1
       Staff             |       |       |     1 ||     1
 Cast: Flame Tongue      |    80 |   117 |    54 ||   251
       Conjure Flame     |       |     4 |     7 ||    11
  Use: Potion            |     2 |       |       ||     2
       Scroll            |       |     9 |     1 ||    10
  Eat: Chunk             |     3 |    19 |     4 ||    26
Armor: Robe              |     4 |     9 |     7 ||    20
Dodge: Dodged            |    22 |    29 |    16 ||    67

Table legend:
 A = Non-vault XP
 B = Vault XP
 C = Vault XP percentage of total XP
 D = Non-vault monster count
 E = Vault monster count
 F = Vault count percentage of total count
                 A         B        C        D         E       F
            +---------+---------+-------+---------+---------+-------
      Total |    1173 |     131 |  10.0 |      94 |      16 |  14.5
            +---------+---------+-------+---------+---------+-------
        D:1 |      38 |       0 |   0.0 |      19 |       0 |   0.0
        D:2 |      72 |       0 |   0.0 |      20 |       0 |   0.0
        D:3 |      60 |      44 |  42.3 |      22 |      15 |  40.5
        D:4 |     374 |      87 |  18.9 |      11 |       1 |   8.3
        D:5 |     344 |       0 |   0.0 |      12 |       0 |   0.0
        D:6 |     285 |       0 |   0.0 |      10 |       0 |   0.0
            +---------+---------+-------+---------+---------+-------
